 Dungeon Crawl Stone Soup version 0.25-a0-253-g6f1b5d974a (webtiles) character file.

Game seed: 13384893312589179119, levelgen mode: deterministic

208079 badteeth the Brawler (level 18, -14/149 HPs)
             Began as a Demonspawn Fighter on Dec 5, 2019.
             Was the Champion of Qazlal.
             Demolished by a vault warden
             ... wielding a +0 great sword
              (26 damage)
             ... on level 2 of the Vaults.
             The game lasted 01:49:55 (35402 turns).

badteeth the Brawler (Demonspawn Fighter)          Turns: 35402, Time: 01:49:56

Health: -14/149    AC: 12    Str: 24    XL:     18   Next: 11%
Magic:  0/28       EV: 19    Int: 10    God:    Qazlal [******]
Gold:   3148       SH: 12    Dex: 17    Spells: 17/17 levels left

rFire    + . .     SeeInvis +     - Unarmed
rCold    . . .     Gourm    .   (no shield)
rNeg     + . .     Faith    .   r - +0 plate armour of Plasticity {rElec Slay+4}
rPois    +         Spirit   +   U - +0 hat {SInv}
rElec    +         Reflect  +   s - +1 cloak
rCorr    +         Harm     .   (no gloves)
MR       ++...                  B - +0 pair of boots of Iguiwedeob {rF+ rN+ rCorr SInv}
Stlth    +.........             m - +4 amulet of reflection
HPRegen  0.34/turn              o - +5 ring of protection
MPRegen  0.42/turn              a - ring of poison resistance

@: marked, protected from physical damage, corroded, repel missiles
A: claws 2, horns 1, agile 1, magic resistance 1, nightstalker 3, strong 1,
magic shield, magic regeneration, sturdy frame 3
}: 1/15 runes: gossamer
a: Upheaval, Elemental Force, Disaster Area, Renounce Religion


You were on level 2 of the Vaults.
You worshipped Qazlal.
Qazlal was exalted by your worship.
You were very hungry.

You visited 5 branches of the dungeon, and saw 29 of its levels.
You visited 1 bazaar.
You also visited: Sewer, Bailey, Gauntlet and Volcano.

You collected 3148 gold pieces.

Inventory:

Hand Weapons
 E - the +10 glaive of Vobifuh {drain, rPois Dex+4}
   (You found it on level 10 of the Dungeon)

   A truly terrible weapon, it drains the life of those it strikes.
   It affects your dexterity (+4).
   It protects you from poison.
Missiles
 g - 2 throwing nets (quivered)
Armour
 c - a +0 shield
 r - the +0 plate armour of Plasticity (worn) {rElec Slay+4}
   (You found it on level 5 of the Dungeon)

   It affects your accuracy and damage with ranged weapons and melee attacks
   (+4).
   It insulates you from electricity.
 s - a +1 cloak (worn)
 B - the +0 pair of boots of Iguiwedeob (worn) {rF+ rN+ rCorr SInv}
   (You found it on level 2 of the Spider Nest)

   It protects you from fire.
   It protects you from negative energy.
   It lets you see invisible.
   It provides partial protection from all sources of acid and corrosion.
 J - a +0 crystal plate armour
 R - a +2 chain mail of fire resistance
 U - a +0 hat of see invisible (worn)
Jewellery
 a - a ring of poison resistance (right claw)
 b - an uncursed ring of protection from fire
 m - a +4 amulet of reflection (around neck)
 o - a +5 ring of protection (left claw)
 G - an uncursed amulet of the acrobat
 Y - an uncursed ring of protection from cold
 Z - a +4 ring of protection
Wands
 y - a wand of digging (12)
 C - a wand of acid (27)
 L - a wand of iceblast (31)
 S - a wand of enslavement (7)
 V - a wand of disintegration (30)
Scrolls
 h - 14 scrolls of remove curse
 j - a scroll of vulnerability {unknown}
 p - a scroll of blinking
 q - 14 scrolls of identify
 t - 9 scrolls of teleportation
 w - a scroll of magic mapping
 A - a scroll of enchant armour
 D - 3 scrolls of fog
 F - 3 scrolls of amnesia
 H - 2 scrolls of fear
 M - 4 scrolls of enchant weapon
 T - a scroll of summoning
Potions
 d - 3 potions of might
 e - 6 potions of brilliance
 k - 9 potions of flight
 l - 3 potions of ambrosia
 n - 2 potions of heal wounds
 u - 5 potions of curing
 v - 6 potions of haste
 x - 2 potions of berserk rage
 z - 3 potions of cancellation
 I - a potion of invisibility
 K - a potion of magic
 O - 2 potions of resistance
 Q - 2 potions of mutation
Miscellaneous
 i - a lightning rod (4/4)
Comestibles
 f - 48 rations


   Skills:
 + Level 15.1 Fighting
   Level 2.3(2.4) Axes
   Level 0.5(1.5) Maces & Flails
 + Level 14.0 Armour
 + Level 13.7 Dodging
 - Level 2.9 Shields
 + Level 15.8 Unarmed Combat
 - Level 14.0 Invocations


You had 17 spell levels left.
You didn't know any spells.
Your spell library contained the following spells:

 Spells                   Type           Power        Failure   Level  Hunger
 Apportation              Tloc           #.....       67%         1    ##.....
 Corona                   Hex            #......      67%         1    ##.....
 Shock                    Conj/Air       #...         67%         1    ##.....
 Summon Butterflies       Summ           #.......     67%         1    ##.....
 Ensorcelled Hibernation  Hex/Ice        #.....       82%         2    ###....
 Passwall                 Tmut/Erth      #.......     82%         2    ###....
 Poisonous Vapours        Pois/Air       #.....       82%         2    ###....
 Swiftness                Chrm/Air       #.......     82%         2    ###....
 Confuse                  Hex            #.......     96%         3    ####...
 Conjure Flame            Conj/Fire      #.......     96%         3    ####...
 Dazzling Flash           Conj/Hex       #.....       96%         3    ####...
 Lesser Beckoning         Tloc           #.........   96%         3    ####...
 Mephitic Cloud           Conj/Pois/Air  #.......     96%         3    ####...
 Static Discharge         Conj/Air       #.......     96%         3    ####...
 Tukima's Dance           Hex            #.......     96%         3    ####...
 Airstrike                Air            #.........   100%        4    #####..
 Passage of Golubria      Tloc           N/A          100%        4    #####..
 Alistair's Intoxication  Tmut/Pois      #.......     100%        5    ######.
 Lee's Rapid Deconstruct  Erth           #.........   100%        5    ######.
 Lightning Bolt           Conj/Air       #.........   100%        5    ######.
 Darkness                 Hex            #.........   100%        6    #######
 Freezing Cloud           Conj/Ice/Air   #.........   100%        6    #######
 Invisibility             Hex            #.......     100%        6    #######
 Ring of Flames           Chrm/Fire      #.........   100%        7    #######


Dungeon Overview and Level Annotations

Branches:
Dungeon (15/15)            Temple (0/1) D:6            Lair (6/6) D:11
 Shoals (0/4) Lair:2       Spider (4/4) Lair:3        Slime (0/5) Lair:6
    Orc (2/2) D:12            Elf (0/3) Orc:2        Vaults (2/5) D:14
  Crypt (0/3) Vaults:2     Depths (0/5) D:15          Sewer (visited)
 Bailey (visited)         Volcano (visited)         Gauntlet (visited)

Altars:
Ashenzari
Cheibriados
Hepliaklqana
Nemelex Xobeh
Qazlal
Trog
Vehumet
The Shining One
Beogh
Jiyva

Shops:
D:8 *   D:15 ?   Orc:2 %?==

Portals:
Trove: D:13 (show slimy rune of Zot)


Innate Abilities, Weirdness & Mutations

You have very sharp fingernails.
You are completely attuned to the shadows.
When hurt, damage is shared between your health and your magic reserves.
You regenerate magic rapidly.
Your movements are significantly less encumbered by armour. (ER -6)
You have a pair of small horns on your head.
You are agile. (Dex +2)
You are resistant to hostile enchantments. (MR+)
Your muscles are strong. (Str +2)


Message History

You headbutt the entropy weaver, but do no damage.
The entropy weaver is almost dead.
You block the centaur warrior's attack.
The entropy weaver completely misses you.
The entropy weaver closely misses you. The entropy weaver hits you!
* * * LOW HITPOINT WARNING * * *
You feel more protected from physical attacks.
You block the entropy weaver's attack.
You scratch the entropy weaver.
You kill the entropy weaver!
Qazlal accepts your kill. The centaur warrior barely misses you.
You block the vault warden's attack.
A deep elf archer comes into view.
It is wielding a +0 short sword and wearing a +1 leather armour of fire resistance.
Okay, then.
You are feeling very hungry.
You mangle the centaur warrior!!
You kill the centaur warrior!
Qazlal accepts your kill.
The vault warden hits you with a +0 great sword!!
You die...

##.##.##.# ##.#.#.#.#
##..#>#..# ##.#.#.#.#
##.##.##.# ###.
##.......# ^...
###'############+####
.......(.......)°°...
..............§p@°°..
............≈≈§))○)..
...............≈...e.
####+################


You could see a vault warden and a deep elf archer.

Vanquished Creatures
  Arachne (Spider:2)
  Jorgrun (Spider:2)
  Rupert (Lair:5)
  An ancient champion (Vaults:2)
  Gastronok (Lair:3)
  Roxanne (Spider:2)
  Kirke (D:14)
  The ghost of Thantalas the Spry, an adept MfGl of Cheibriados (Spider:1)
  Donald (Spider:2)
  3 vault wardens
  4 ghost moths (Spider:4)
  7 emperor scorpions
  Louise (Spider:2)
  A very ugly thing (Vaults:1)
  2 stone giants (Vaults:2)
  2 entropy weavers
  2 spark wasps
  A minotaur (Gauntlet)
  An eidolon (Vaults:2)
  The ghost of trivialoptimal the Devastator, a journeyman FeCj of Hepliaklqana (Spider:1)
  Josephine (Lair:6)
  A fire dragon (D:15)
  A yaktaur captain (Vaults:1)
  A hydra (D:15)
  A vault guard (Vaults:1)
  An ice dragon (D:15)
  3 catoblepae (Lair:6)
  4 two-headed ogres
  2 dancing weapons (D:14)
  11 centaur warriors
  4 tengu warriors (D:14)
  A death knight (Vaults:1)
  3 orc high priests (Orc:2)
  7 death yaks (Lair:6)
  An ogre mage (Vaults:1)
  3 deep elf knights (Vaults:2)
  A fire crab (Gauntlet)
  Nergalle (Orc:1)
  6 skeletal warriors
  A flayed ghost (Vaults:1)
  4 unseen horrors
  A glowing orange brain (Vaults:1)
  2 wizards
  A necromancer (Vaults:2)
  6 ironbrand convokers
  15 orc knights
  19 orb spiders
  A phantasmal warrior (Vaults:2)
  5 orc sorcerers
  25 wolf spiders
  4 oklob plants
  23 ugly things
  3 deep elf magi (Vaults:2)
  5 cyclopes
  A moth of wrath (Spider:4)
  4 manticores
  A moth of wrath (shapeshifter) (Vaults:2)
  4 vault sentinels
  2 smoke demons
  5 black mambas
  3 centaur zombies
  14 spiny frogs
  A torpor snail (Spider:2)
  2 gargoyles
  A molten gargoyle (Volcano)
  12 yaktaurs
  4 rime drakes
  5 kobold demonologists
  7 komodo dragons
  A komodo dragon (shapeshifter) (D:15)
  4 freezing wraiths
  7 demonic crawlers
  2 red devils (Volcano)
  3 meliai (D:14)
  A meliai (shapeshifter) (D:15)
  2 polar bears
  5 trolls
  A queen bee (D:14)
  39 jumping spiders
  14 blink frogs
  15 hornets
  Prince Ribbit (D:7)
  11 hippogriffs
  7 slime creatures (D:14)
  A meliai zombie (D:13)
  10 flying skulls (Gauntlet)
  18 tarantellas
  5 wraiths (Lair:6)
  56 redbacks
  57 yaks
  3 wyverns
  2 humans
  Eustachio (D:4)
  3 hogs (D:14)
  2 hungry ghosts
  11 fire bats
  2 basilisks
  5 wargs
  Menkaure (D:4)
  A soldier ant (D:10)
  Duvessa (D:4)
  A hell hound (Volcano)
  5 water moccasins
  45 orc warriors
  A porcupine (Lair:4)
  A hornet zombie (D:14)
  5 ice beasts
  9 boggarts
  A necrophage (D:8)
  2 eyes of draining
  2 black bears
  5 sky beasts
  3 phantoms
  24 centaurs
  15 ogres
  20 wolves
  13 crocodiles
  13 bullfrogs
  5 big kobolds
  A wyvern skeleton (D:8)
  2 scorpions
  Dowan (D:4)
  4 wights (D:10)
  28 killer bees
  13 howler monkeys
  An electric eel (Spider:1)
  9 crimson imps
  6 lava snakes (Volcano)
  A quasit (D:9)
  4 centaur skeletons
  22 orc priests
  2 bullfrog skeletons
  10 hounds
  3 jellies
  5 iguanas
  26 orc wizards
  16 worker ants
  A hound zombie (D:11)
  A hound skeleton (D:5)
  A worker ant zombie (D:11)
  11 gnolls
  16 adders
  3 shadow imps
  5 oozes (Sewer)
  An adder zombie (D:5)
  9 worms
  A dart slug (D:1)
  11 leopard geckos
  84 orcs
  7 bats
  5 giant cockroaches
  10 goblins
  5 hobgoblins
  19 jackals
  A quokka (D:10)
  2 ball pythons
  5 frilled lizards
  A giant cockroach zombie (D:6)
  17 kobolds
  A quokka skeleton (D:4)
  13 rats
  A plant (D:11)
1115 creatures vanquished.

Vanquished Creatures (others)
  2 yaktaurs
  A hornet (Spider:3)
  2 orc warriors
  2 centaurs
  A kobold (D:13)
  5 fungi
  2 plants
15 creatures vanquished.

Grand Total: 1130 creatures vanquished

Notes
Turn   | Place    | Note
-------+----------+-------------------------------------------
     0 | D:1      | badteeth the Demonspawn Fighter began the quest for the
                  | Orb.
     0 | D:1      | Reached XP level 1. HP: 18/18 MP: 1/1
    60 | D:1      | Gained mutation: When hurt, damage is shared between your
                  | health and your magic reserves. [demonic ancestry]
    60 | D:1      | Reached XP level 2. HP: 14/24 MP: 2/2
   328 | D:1      | Gained mutation: You have sharp fingernails. [demonic
                  | ancestry]
   328 | D:1      | Reached XP level 3. HP: 26/29 MP: 3/3
   710 | D:2      | Reached skill level 1 in Unarmed Combat
   768 | D:2      | Found a stormy altar of Qazlal.
   779 | D:2      | Became a worshipper of Qazlal Stormbringer
  1242 | D:2      | Reached XP level 4. HP: 25/35 MP: 2/4
  1983 | D:4      | Noticed Duvessa
  1983 | D:4      | Noticed Dowan
  2123 | D:4      | Gained mutation: Your movements are slightly less
                  | encumbered by armour. (ER -2) [demonic ancestry]
  2123 | D:4      | Reached XP level 5. HP: 41/41 MP: 5/5
  2149 | D:4      | Noticed Eustachio
  2158 | D:4      | Killed Eustachio
  2158 | D:4      | Gained mutation: You are slightly more attuned to the
                  | shadows. [demonic ancestry]
  2158 | D:4      | Reached XP level 6. HP: 43/47 MP: 6/6
  2208 | D:4      | Killed Dowan
  2208 | D:4      | Reached skill level 5 in Unarmed Combat
  2665 | D:4      | Found a glowing golden altar of the Shining One.
  2696 | D:4      | Killed Duvessa
  2696 | D:4      | Gained mutation: Your movements are less encumbered by
                  | armour. (ER -4) [demonic ancestry]
  2696 | D:4      | Reached XP level 7. HP: 22/52 MP: 4/7
  3042 | D:4      | Noticed Menkaure
  3051 | D:4      | Killed Menkaure
  3398 | D:5      | Entered Level 5 of the Dungeon
  3428 | D:5      | Got a pearl-encrusted plate armour
  3465 | D:6      | Reached * piety under Qazlal
  3480 | D:6      | Identified the cursed +0 plate armour of Plasticity {rElec
                  | Slay+4} (You found it on level 5 of the Dungeon)
  3751 | D:5      | Gained mutation: You are significantly more attuned to the
                  | shadows. [demonic ancestry]
  3751 | D:5      | Reached XP level 8. HP: 15/58 MP: 3/8
  3827 | D:5      | Found a glowing drain.
  3831 | Sewer    | Entered a sewer
  3833 | Sewer    | Reached ** piety under Qazlal
  4562 | Sewer    | Gained mutation: Your muscles are strong. (Str +2) [potion
                  | of mutation]
  4562 | Sewer    | Gained mutation: You are resistant to hostile enchantments.
                  | (MR+) [potion of mutation]
  4562 | Sewer    | Gained mutation: You are agile. (Dex +2) [potion of
                  | mutation]
  4562 | Sewer    | Gained mutation: You have a pair of small horns on your
                  | head. [potion of mutation]
  5037 | D:5      | Noticed a moth of wrath
  5041 | D:5      | Found a bloodstained altar of Trog.
  5216 | D:6      | Found a snail-covered altar of Cheibriados.
  5248 | D:6      | Found a staircase to the Ecumenical Temple.
  5252 | D:6      | Reached *** piety under Qazlal
  5263 | D:6      | Reached skill level 1 in Invocations
  5283 | D:6      | Reached skill level 1 in Dodging
  5367 | D:6      | Found a hazy altar of Hepliaklqana.
  5841 | D:7      | Reached XP level 9. HP: 32/65 MP: 5/11
  6720 | D:7      | Noticed Prince Ribbit
  6731 | D:7      | Killed Prince Ribbit
  6907 | D:8      | Reached skill level 5 in Fighting
  6938 | D:8      | Reached **** piety under Qazlal
  6938 | D:8      | Reached skill level 5 in Invocations
  7051 | D:8      | Found Geow's Assorted Antiques.
  7194 | D:8      | Found a radiant altar of Vehumet.
  7421 | D:9      | Reached skill level 5 in Armour
  7492 | D:9      | Gained mutation: You regenerate magic rapidly. [demonic
                  | ancestry]
  7492 | D:9      | Reached XP level 10. HP: 74/74 MP: 14/14
  7515 | D:9      | Reached skill level 10 in Unarmed Combat
  8126 | D:10     | Entered Level 10 of the Dungeon
  8134 | D:10     | Noticed a wizard
  8145 | D:10     | Killed a wizard
  8148 | D:10     | Reached ***** piety under Qazlal
  8180 | D:9      | Reached skill level 5 in Dodging
  8616 | D:10     | Got a bronze leather armour
  8617 | D:10     | Identified the +0 leather armour of the Many Curses {Str+6}
                  | (You found it on level 10 of the Dungeon)
  8649 | D:10     | Got a steaming glaive
  8657 | D:10     | Identified the +10 glaive of Vobifuh {drain, rPois Dex+4}
                  | (You found it on level 10 of the Dungeon)
  8973 | D:11     | Reached XP level 11. HP: 76/83 MP: 13/16
  8987 | D:11     | Noticed an oklob plant
  8990 | D:11     | Found a staircase to the Lair.
  8997 | D:11     | Killed an oklob plant
  9460 | D:11     | Killed an unseen horror
  9489 | Lair:1   | Entered Level 1 of the Lair of Beasts
 10187 | Lair:1   | Found a stormy altar of Qazlal.
 10401 | Lair:2   | Gained mutation: Your movements are significantly less
                  | encumbered by armour. (ER -6) [demonic ancestry]
 10401 | Lair:2   | Reached XP level 12. HP: 82/94 MP: 19/19
 10685 | Lair:2   | Reached skill level 10 in Invocations
 11058 | Lair:2   | Found a staircase to the Shoals.
 11390 | Lair:3   | Noticed Gastronok
 11597 | Lair:3   | Killed Gastronok
 11667 | Lair:3   | Found a hole to the Spider Nest.
 12865 | Lair:5   | Reached ****** piety under Qazlal
 12865 | Lair:5   | Noticed Rupert
 12875 | Lair:5   | Killed Rupert
 12885 | Lair:5   | Got an ancient falchion
 13026 | Lair:5   | Gained mutation: You are completely attuned to the shadows.
                  | [demonic ancestry]
 13026 | Lair:5   | Reached XP level 13. HP: 94/101 MP: 21/21
 13107 | Lair:5   | Got a smoking copper ring
 13397 | Lair:5   | Found a dark tunnel.
 13404 | Volcano  | Entered a volcano
 13563 | Volcano  | Found a burning altar of Makhleb.
 13761 | Lair:5   | Identified the +4 falchion "Hiuttil" {venom, *Rage rC+ rN++
                  | Int+4} (You found it on level 5 of the Lair of Beasts)
 14182 | Lair:6   | Entered Level 6 of the Lair of Beasts
 14208 | Lair:5   | HP: 4/103 [poisoned by a black mamba]
 14209 | Lair:5   | Reached skill level 10 in Fighting
 15497 | Lair:6   | Noticed Josephine
 15513 | Lair:6   | Killed Josephine
 15713 | Lair:6   | Found a staircase to the Slime Pits.
 15715 | Lair:6   | Found a viscous altar of Jiyva.
 15749 | Lair:6   | Reached XP level 14. HP: 100/111 MP: 21/23
 16111 | Lair:6   | Reached skill level 10 in Armour
 17039 | D:12     | Found a staircase to the Orcish Mines.
 17092 | Orc:1    | Entered Level 1 of the Orcish Mines
 17093 | Orc:1    | Noticed Nergalle
 17105 | Orc:1    | Killed Nergalle
 17143 | Orc:1    | Found a roughly hewn altar of Beogh.
 17284 | Orc:2    | Entered Level 2 of the Orcish Mines
 17843 | Orc:1    | Found a flagged portal.
 17849 | Bailey   | Entered a bailey
 18214 | Orc:2    | Reached skill level 10 in Dodging
 18231 | Orc:2    | Found Reranobe's Food Boutique.
 18233 | Orc:2    | Found Yfichaqam's Jewellery Emporium.
 18263 | Orc:2    | Found Qaxyblyr's Magic Scroll Boutique.
 18263 | Orc:2    | Found Avvyteal's Jewellery Emporium.
 18368 | Orc:2    | Found a staircase to the Elven Halls.
 18711 | D:12     | Found a sparkling altar of Nemelex Xobeh.
 18798 | D:12     | You fall into a shaft and drop 2 floors!
 18876 | D:14     | Noticed Kirke
 18880 | D:14     | Noticed a sphinx
 18883 | D:14     | Killed Kirke
 19026 | D:14     | Found a gate leading to a gauntlet.
 19032 | Gauntlet | Entered a Gauntlet
 19032 | Gauntlet | Found a transporter.
 19032 | Gauntlet | Found a transporter.
 19051 | Gauntlet | Found a transporter.
 19059 | Gauntlet | Found a transporter.
 19083 | Gauntlet | Found a transporter.
 19092 | Gauntlet | Found a transporter.
 19107 | Gauntlet | Found a transporter.
 19192 | Gauntlet | Found a transporter.
 19206 | Gauntlet | Found a transporter.
 19238 | Gauntlet | Found a transporter.
 19299 | Gauntlet | Got a jewelled dagger
 19664 | Gauntlet | Identified the +8 short sword of Jeeweoxzioli {elec, Dex+3}
 19675 | Gauntlet | Reached XP level 15. HP: 69/120 MP: 16/25
 20250 | D:14     | Found a gate to the Vaults.
 20926 | D:14     | Identified the ring "Qunyc" {Wiz Int+3 Dex+4} (You found it
                  | on level 5 of the Lair of Beasts)
 21033 | D:13     | Found a flickering gateway to a bazaar.
 21067 | Bazaar   | Entered a bazaar
 21087 | Bazaar   | Found Coohut Baxe's Jewellery Emporium.
 21117 | Bazaar   | Found Rumais's Gadget Boutique.
 21184 | Bazaar   | Found Mixzud Age's Gadget Emporium.
 21243 | Bazaar   | Found Pat Pipezxinn's Gadget Emporium.
 21719 | D:13     | Identified the +6 dagger of War {flame, *Rage Fragile rPois
                  | rN+++} (You found it in a Gauntlet)
 22102 | D:13     | Found a portal to a secret trove of treasure.
 23142 | D:15     | Entered Level 15 of the Dungeon
 23189 | D:15     | Found Ocas's Magic Scroll Emporium.
 23685 | D:15     | Found a shattered altar of Ashenzari.
 23938 | D:15     | Found a staircase to the Depths.
 24698 | Spider:1 | Entered Level 1 of the Spider Nest
 25856 | Spider:1 | Found a runed translucent gate.
 25857 | Spider:1 | Found a runed translucent gate.
 25858 | Spider:1 | Found a runed translucent gate.
 25865 | Spider:1 | Noticed Thantalas's ghost (adept MfGl)
 26162 | Spider:1 | Noticed trivialoptimal's ghost (journeyman FeCj)
 26314 | Spider:1 | Killed trivialoptimal's ghost
 26327 | Spider:1 | Killed Thantalas's ghost
 26327 | Spider:1 | Gained mutation: You have very sharp fingernails. [demonic
                  | ancestry]
 26327 | Spider:1 | Reached XP level 16. HP: 35/129 MP: 5/26
 26656 | Spider:2 | Noticed Louise
 26670 | Spider:2 | Killed Louise
 26674 | Spider:2 | Noticed Arachne
 26689 | Spider:2 | Killed Arachne
 26691 | Spider:2 | Noticed Jorgrun
 27138 | Spider:2 | Killed Jorgrun
 27398 | Spider:2 | Noticed Roxanne
 27997 | Spider:2 | Got a pair of twisted boots
 28008 | Spider:2 | Identified the +0 pair of boots of Iguiwedeob {rF+ rN+
                  | rCorr SInv} (You found it on level 2 of the Spider Nest)
 28247 | Spider:2 | Killed Roxanne
 28465 | Spider:3 | Noticed Donald
 28953 | Spider:2 | Killed Donald
 30414 | Spider:4 | Entered Level 4 of the Spider Nest
 31035 | Spider:4 | Reached XP level 17. HP: 137/138 MP: 27/27
 31054 | Spider:4 | Reached skill level 15 in Unarmed Combat
 31373 | Spider:4 | Paralysed by a hornet for 1 turns
 32069 | Spider:4 | Got a gossamer rune of Zot
 32319 | Vaults:1 | Entered Level 1 of the Vaults
 35344 | Vaults:2 | Found a staircase to the Crypt.
 35359 | Vaults:2 | Reached XP level 18. HP: 148/148 MP: 28/28
 35371 | Vaults:2 | Reached skill level 15 in Fighting
 35402 | Vaults:2 | Demolished by a vault warden

Levels and vault maps discovered:
D:1:      psy_arrival_conway, layout_basic
D:2:      layout_loops_ring, grunt_qazlal_sundering
D:3:      layout_loops_ring, dk_noncrumbling_4
D:4:      layout_cave_pools, lemuel_crystal_altar, first_ration, uniq_menkaure,
          uniq_duvessa, uniq_eustachio
D:5:      layout_basic, tgw_trog, gup_sewer_entry_spiral
D:6:      layout_loops_cross, lemuel_crystal_altar,
          nicolae_overflow_hidden_temple, minmay_temple_entry_slanted
D:7:      layout_basic, uniq_prince_ribbit1
D:8:      layout_cave_pools, vehumet_altar_wand_db, serial_shops,
          nicolae_shop_overgrown_old_shop
D:9:      layout_irregular_city, serial_ice, serial_ice_n, serial_ice_a,
          serial_ice_d, serial_ice_g
D:10:     layout_cave_pools, serial_column_ruins, column_ruins_grid_1,
          column_ruins_open_small_water, column_ruins_grid_4,
          column_ruins_open_small, column_ruins_open_tiny,
          column_ruins_columns_straight, column_ruins_grid_3
D:11:     layout_cave_pods, dpeg_oklobed_lair
D:12:     layout_basic, basic_altar, minivault_22
D:13:     layout_basic, enter_trove_0, serial_shops, bzr_entry_islet,
          grunt_livestock
D:14:     layout_gridville, erik_vaults_1, hangedman_glass_teeth,
          gauntlet_entry_generic, special_room [special_room_bee],
          hangedman_decor_diamond_cutter, corexii_checkpoint_b, uniq_kirke
D:15:     grunt_enter_depths_hoard, layout_layer_cave,
          minmay_misc_feat_nine_boxes, serial_shops, shop, lemuel_oklob_altar
Lair:1:   layout_loops_ring, lemuel_centaur_altar
Lair:2:   layout_regular_city, elwin_shoals_entry_rocks
Lair:3:   layout_roguey, spider_nest_entry_web_field, uniq_gastronok
Lair:4:   layout_roguey, infiniplex_staircase_pool
Lair:5:   layout_regular_city, enter_volcano_4, serial_bayou_crossing,
          uniq_rupert
Lair:6:   evilmike_catoblepas_cave, layout_regular_city, slime_altar_1,
          uniq_josephine
Spider:1: layout_spider_delve, gammafunk_ghost_cemetery
Spider:2: nicolae_spider_mines_3, nicolae_spider_webs_and_nodes, uniq_louise,
          uniq_arachne, uniq_jorgrun, uniq_roxanne
Spider:3: layout_spider_delve, guppyfry_hornet_nest, uniq_donald
Spider:4: spider_rune_water, nicolae_orb_island
Orc:1:    layout_caves, basic_altar, enter_bailey_2, uniq_nergalle
Orc:2:    grunt_orc_tribal_feast, layout_caves
Vaults:1: nicolae_vaults_three_branches, ontoclasm_vaults_hangar,
          v_alt_pattern_1, grunt_vaults_bifocal, hangedman_vaults_unwind,
          grunt_vaults_hallway_long, vaults_room_hangedman_quadrants,
          layout_vaults_omnigrid
Vaults:2: ebering_vaults_ghost_xom, minmay_crypt_entry_simple_box,
          hangedman_vaults_stitches, nicolae_vaults_mini_display_case,
          v_misc_11, hangedman_vaults_restitches,
          nicolae_vaults_branching_niches, vaults_mumra_chevron_long, v_misc_14,
          v_misc_17, hangedman_vaults_trim, grunt_vaults_hallway_short,
          ontoclasm_vaults_chip, vaults_dpeg_encased_lava,
          layout_vaults_big_cross

Skill      XL: |  1  2  3  4  5  6  7  8  9 10 11 12 13 14 15 16 17 18 |
---------------+-------------------------------------------------------+-----
Axes           | 2 |  2.3
Unarmed Combat | 2 3 4 6 8 9 10 11 12 13 14 15 | 15.8
Armour         | 3 5 6 7 8 9 10 12 13 14 | 14.0
Invocations    | 3 5 7 9 11 12 14 | 14.0
Dodging        | 2 3 5 6 8 9 10 11 12 13 | 13.7
Fighting       | 4 5 6 8 9 10 11 12 13 14 15 | 15.1
Maces & Flails | |  0.5
Shields        | |  2.9

Action                   |  1- 3 |  4- 6 |  7- 9 | 10-12 | 13-15 | 16-18 || total
-------------------------+-------+-------+-------+-------+-------+-------++-------
Melee: War axe           |    48 |       |       |       |       |       ||    48
       Whip              |    65 |   130 |     4 |       |       |       ||   199
       Short sword       |       |       |   161 |       |       |       ||   161
       Unarmed           |       |       |   171 |   495 |  1089 |   878 ||  2633
       Morningstar       |       |       |    35 |       |       |       ||    35
       Headbutt          |       |       |    52 |   131 |   330 |   227 ||   740
       Punch             |       |       |       |    23 |    87 |    87 ||   197
       Glaive            |       |       |       |       |    26 |       ||    26
Invok: Upheaval          |       |       |     1 |       |       |     6 ||     7
       Disaster Area     |       |       |       |     3 |     7 |     4 ||    14
       Elemental Force   |       |       |       |       |       |     1 ||     1
Evoke: Wand              |       |       |       |       |     1 |     3 ||     4
  Use: Potion            |       |     3 |     5 |       |     5 |     4 ||    17
       Scroll            |       |       |    11 |     5 |    11 |     3 ||    30
 Stab: Sleeping          |       |       |     1 |       |       |       ||     1
       Distracted        |       |       |       |       |       |     1 ||     1
  Eat: Chunk             |       |     6 |    16 |    19 |    23 |    15 ||    79
       Ration            |       |       |       |       |     6 |     4 ||    10
Armor: Scale mail        |    54 |    73 |     5 |       |       |       ||   132
       Plate armour      |       |       |   180 |   157 |   391 |   366 ||  1094
Dodge: Dodged            |    29 |    52 |    81 |   199 |   535 |   619 ||  1515
       Deflected         |       |       |       |    12 |    32 |    14 ||    58
Block: Shield            |    63 |    84 |   200 |   165 |       |       ||   512
       Other             |       |       |       |   165 |   626 |   525 ||  1316
       Reflection        |       |       |       |    15 |    46 |    17 ||    78

Table legend:
 A = Non-vault XP
 B = Vault XP
 C = Vault XP percentage of total XP
 D = Non-vault monster count
 E = Vault monster count
 F = Vault count percentage of total count
                 A         B        C        D         E       F
            +---------+---------+-------+---------+---------+-------
      Total |  172607 |  127591 |  42.5 |     790 |     329 |  29.4
            +---------+---------+-------+---------+---------+-------
        D:1 |      45 |       0 |   0.0 |      26 |       0 |   0.0
        D:2 |      55 |       0 |   0.0 |      10 |       0 |   0.0
        D:3 |      82 |       0 |   0.0 |      12 |       0 |   0.0
        D:4 |     207 |     580 |  73.7 |      14 |       4 |  22.2
        D:5 |     834 |      43 |   4.9 |      27 |      13 |  32.5
        D:6 |     630 |       0 |   0.0 |      24 |       0 |   0.0
        D:7 |     859 |     264 |  23.5 |      22 |       1 |   4.3
        D:8 |    1502 |       1 |   0.1 |      22 |       1 |   4.3
        D:9 |    1210 |     662 |  35.4 |      17 |       4 |  19.0
       D:10 |    3664 |       0 |   0.0 |      44 |       0 |   0.0
       D:11 |    2937 |     550 |  15.8 |      28 |       1 |   3.4
       D:12 |    2098 |       0 |   0.0 |       9 |       0 |   0.0
       D:13 |   11135 |    1020 |   8.4 |      44 |       5 |  10.2
       D:14 |   22163 |    6825 |  23.5 |      75 |      32 |  29.9
       D:15 |    6277 |    2545 |  28.8 |      13 |       3 |  18.8
     Lair:1 |    4472 |     456 |   9.3 |      23 |       4 |  14.8
     Lair:2 |    5292 |       0 |   0.0 |      25 |       0 |   0.0
     Lair:3 |    4127 |    2172 |  34.5 |      12 |       1 |   7.7
     Lair:4 |    2121 |       0 |   0.0 |       9 |       0 |   0.0
     Lair:5 |    5488 |    2882 |  34.4 |      26 |       1 |   3.7
     Lair:6 |    9541 |   14283 |  60.0 |      37 |      29 |  43.9
   Spider:1 |   11728 |    3360 |  22.3 |      37 |       3 |   7.5
   Spider:2 |   21199 |   18252 |  46.3 |      50 |      23 |  31.5
   Spider:3 |    9608 |    1245 |  11.5 |      28 |       5 |  15.2
   Spider:4 |    4561 |   25007 |  84.6 |       7 |      44 |  86.3
      Orc:1 |    1828 |     804 |  30.5 |      28 |       1 |   3.4
      Orc:2 |    3900 |    7346 |  65.3 |      45 |      30 |  40.0
   Vaults:1 |   16992 |    9625 |  36.2 |      42 |      14 |  25.0
   Vaults:2 |   18052 |   16514 |  47.8 |      34 |      27 |  44.3
      Sewer |       0 |      82 | 100.0 |       0 |      24 | 100.0
     Bailey |       0 |    2545 | 100.0 |       0 |      18 | 100.0
    Volcano |       0 |    4902 | 100.0 |       0 |      21 | 100.0
   Gauntlet |       0 |    5626 | 100.0 |       0 |      20 | 100.0
            +---------+---------+-------+---------+---------+-------
